 Dungeon Crawl Stone Soup version 0.30-a0-172-gc5509c9e31 (webtiles) character file.

Game seed: 7704692047738041416

4048 drugrobin the Carver (level 9, -11/67 HPs)
             Began as a Demigod Reaver on Oct 2, 2022.
             Mangled by a two-headed ogre
             ... wielding a +0 dire flail
              (16 damage)
             ... on level 8 of the Dungeon.
             The game lasted 00:25:10 (8042 turns).

drugrobin the Carver (Demigod Reaver)               Turns: 8042, Time: 00:25:11

Health: -11/67     AC:  8    Str: 17    XL:     9   Next: 75%
Magic:  14/14      EV: 12    Int: 19    God:
Gold:   324        SH:  0    Dex: 16    Spells: 5/11 levels left

rFire   . . .      SeeInvis .    a - +4 great sword
rCold   + . .      Faith    .    (shield currently unavailable)
rNeg    . . .      Spirit   .    s - +2 leather armour {rC+}
rPois   .          Reflect  .    B - +0 helmet
rElec   .          Harm     .    H - +0 cloak
rCorr   .          Rampage  .    I - +0 pair of gloves
Will    .....                    (no boots)
Stlth   +.........               r - amulet of regeneration
HPRegen 1.11/turn                (no ring)
MPRegen 0.14/turn                (no ring)

@: no status effects
A: high MP 1, forlorn, divine attributes
a: no special abilities


You were on level 8 of the Dungeon.
You visited 1 branch of the dungeon, and saw 8 of its levels.
You also visited: Sewer.

You collected 324 gold pieces.

Inventory:

Hand Weapons
 a - a +4 great sword (weapon)
 b - a +0 dagger of venom
 c - a +1 short sword of speed
 N - a +0 falchion of protection
Missiles
 e - a curare-tipped dart
 M - 11 poisoned darts (quivered)
Armour
 f - a +0 chain mail
 s - a +2 leather armour of cold resistance (worn)
 B - a +0 helmet (worn)
 H - a +0 cloak (worn)
 I - a +0 pair of gloves (worn)
Magical Staves
 y - a staff of poison
Jewellery
 o - the amulet "Dycw" {Faith rF+ rC+ Will-}
   (You took it off an orc on level 3 of the Dungeon)

   [amulet of faith]

   It allows you to gain divine favour quickly.
   rF:        It protects you from fire.
   rC:        It protects you from cold.
   Will:      It decreases your willpower.
 r - an amulet of regeneration (around neck)
 C - an amulet of magic regeneration
Wands
 E - a wand of roots (12)
 G - a wand of paralysis (6)
 J - a wand of flame (8)
Scrolls
 d - a scroll of fear {unknown}
 h - 3 scrolls of immolation
 j - a scroll of poison
 k - 2 scrolls of enchant armour {unknown}
 m - a scroll of noise {unknown}
 n - 3 scrolls of fog {unknown}
 q - a scroll of amnesia {unknown}
 t - 4 scrolls of teleportation {unknown}
 x - a scroll of summoning {unknown}
 A - a scroll of blinking {unknown}
 F - a scroll of brand weapon {unknown}
 K - a scroll of vulnerability {unknown}
Potions
 g - 6 potions of curing {unknown}
 i - 3 potions of flight
 l - a potion of attraction {unknown}
 p - 2 potions of lignification {unknown}
 u - 2 potions of heal wounds
 v - a potion of brilliance {unknown}
 w - a potion of magic {unknown}
 z - 2 potions of might {unknown}
 D - a potion of degeneration {unknown}
 L - a potion of resistance {unknown}


   Skills:
 - Level 1.7 Fighting
 + Level 12.6 Long Blades
 - Level 1.7 Dodging
 - Level 1.8 Spellcasting
 + Level 5.6 Conjurations


You had 5 spell levels left.
You knew the following spells:

 Your Spells              Type           Power      Damage    Failure   Level
a - Kiss of Death         Conj/Necr      48%        2d9       7%          1
b - Momentum Strike       Conj/Tloc      24%        3d8       10%         2
c - Hailstorm             Conj/Ice       12%        3d5       21%         3

Your spell library contained the following spells:

 Spells                   Type           Power      Damage    Failure   Level


Dungeon Overview and Level Annotations

Branches:
Dungeon (8/15)             Temple (0/1) D:7           Sewer (visited)
   Lair: D:8-11


Innate Abilities, Weirdness & Mutations

You have an increased reservoir of magic. (+10% MP)
You shall have no god before yourself.
Your divine heritage dramatically boosts your attributes as you level up.


Message History

Unknown command.
Okay, then.
Unknown command.
Unknown command.
Unknown command.
The bullfrog releases a deep croak.
There is an escape hatch in the ceiling here.
Aiming: Paralyse
Press: ? - help, Shift-Dir - straight line, f/p - two-headed ogre
Aim: a two-headed ogre, wielding a +0 dire flail and a +0 giant club (chance to affect: 31%)
The two-headed ogre easily resists.
Unknown command.
Unknown command.
Aiming: Paralyse
Press: ? - help, Shift-Dir - straight line, f/p - two-headed ogre
Aim: a two-headed ogre, wielding a +0 dire flail and a +0 giant club (chance to affect: 31%)
The two-headed ogre easily resists.
The two-headed ogre barely misses you.
The two-headed ogre hits you with a +0 giant club!!
Unknown command.
Unknown command.
Aiming: Paralyse
Press: ? - help, Shift-Dir - straight line, f/p - two-headed ogre
Aim: a two-headed ogre, wielding a +0 dire flail and a +0 giant club (chance to affect: 31%)
The two-headed ogre easily resists.
The two-headed ogre hits you with a +0 dire flail!
* * * LOW HITPOINT WARNING * * *
The two-headed ogre hits you with a +0 giant club.
* * * LOW HITPOINT WARNING * * *
Unknown command.
Aiming: Paralyse
Press: ? - help, Shift-Dir - straight line, f/p - two-headed ogre
Aim: a two-headed ogre, wielding a +0 dire flail and a +0 giant club (chance to affect: 31%)
The two-headed ogre easily resists.
Unknown command.
Aiming: Paralyse
Press: ? - help, Shift-Dir - straight line, f/p - two-headed ogre
Aim: a two-headed ogre, wielding a +0 dire flail and a +0 giant club (chance to affect: 31%)
The two-headed ogre easily resists.
The two-headed ogre hits you with a +0 dire flail!
You die...

### #......# #.########..#. #
#......###.# #..#. #.###......#
#..#.
###########.###.####.########..#.
........................#......#.
#####...##..###.#######.#.###..#.
...⌠#............FO.....#.# #..#.
...##.####..########.#..#.# #..#.
._....####...^..@OF..#..#.# #..#.
...##............#####..#.# #..#.
...⌠#.################..#.# #..#.
#####...................#.###..#.
.# #.#################.#........
.####.#################..........
.................................
#####.###################.###.##.
### ### #####


You could see a two-headed ogre and a bullfrog.

Vanquished Creatures
  Pikel (D:7)
  4 water moccasins
  2 black bears
  3 ice beasts
  A sky beast (D:6)
  3 orc warriors
  2 ogres (D:6)
  3 centaurs
  A lemure (D:7)
  3 kobold brigands
  3 necrophages
  2 scorpions
  6 wights
  6 killer bees (D:7)
  A howler monkey (D:5)
  3 hounds
  A jelly (D:5)
  5 orc priests
  Jessica (D:2)
  5 iguanas
  10 orc wizards
  Terence (D:3)
  10 adders
  3 gnolls (D:5)
  2 river rats (Sewer)
  3 white imps
  An ufetubus (D:6)
  2 worms (D:5)
  3 dart slugs
  31 orcs
  7 endoplasms
  3 giant cockroaches
  8 goblins
  9 hobgoblins
  11 jackals
  4 quokkas
  13 ball pythons
  9 bats
  A frilled lizard (D:1)
  15 kobolds
  5 rats
207 creatures vanquished.

Vanquished Creatures (others)
  An iguana (D:7)
  9 plants (D:4)
10 creatures vanquished.

Grand Total: 217 creatures vanquished

Notes
Turn   | Place    | Note
-------+----------+-------------------------------------------
     0 | D:1      | drugrobin the Demigod Reaver began the quest for the Orb.
     0 | D:1      | Reached XP level 1. HP: 17/17 MP: 5/5
   197 | D:1      | Reached skill level 3 in Long Blades
   294 | D:1      | Reached XP level 2. HP: 10/19 MP: 7/7
   838 | D:2      | Noticed Jessica
   848 | D:2      | Killed Jessica
   849 | D:2      | Reached skill level 4 in Long Blades
   849 | D:2      | Reached XP level 3. HP: 20/28 MP: 6/8
  1459 | D:3      | Reached XP level 4. HP: 35/36 MP: 9/9
  1546 | D:3      | Identified the amulet "Dycw" {Faith rF+ rC+ Will-}
  1557 | D:3      | Noticed Terence
  1572 | D:3      | Killed Terence
  1576 | D:3      | Reached skill level 5 in Long Blades
  2466 | D:4      | Reached XP level 5. HP: 20/35 MP: 10/10
  3054 | D:4      | Reached skill level 6 in Long Blades
  3235 | D:5      | Entered Level 5 of the Dungeon
  3265 | D:4      | Reached XP level 6. HP: 19/34 MP: 11/11
  3328 | D:5      | Reached skill level 7 in Long Blades
  3462 | D:5      | Reached XP level 7. HP: 53/53 MP: 12/12
  3532 | D:5      | Reached skill level 8 in Long Blades
  3624 | D:5      | Found a glowing drain.
  3638 | Sewer    | Entered a sewer
  4283 | D:5      | Reached skill level 9 in Long Blades
  4539 | D:5      | Reached XP level 8. HP: 38/55 MP: 13/13
  4763 | D:6      | Reached skill level 10 in Long Blades
  5268 | D:6      | Reached skill level 11 in Long Blades
  5722 | D:7      | Reached XP level 9. HP: 58/61 MP: 14/14
  5735 | D:7      | Learned a level 2 spell: Momentum Strike
  5739 | D:7      | Learned a level 3 spell: Hailstorm
  5949 | D:7      | Noticed Pikel
  5987 | D:7      | Killed Pikel
  5988 | D:7      | Reached skill level 12 in Long Blades
  6401 | D:7      | Found a staircase to the Ecumenical Temple.
  6644 | D:7      | Reached skill level 5 in Conjurations
  7992 | D:8      | Noticed a two-headed ogre
  8040 | D:8      | HP: 3/67 [two-headed ogre/+0 dire flail (6)]
  8042 | D:8      | Mangled by a two-headed ogre

Illustrated notes

Levels and vault maps discovered:
D:1:      spicycebolla_arrival_clurvy, layout_basic,
          hellmonk_ecumenical_altar_blasted, serial_glass, glass_columns_a,
          glass_columns_c, amcnicky_mini_corridor_feature,
          chequers_serial_rivers_micro_c
D:2:      layout_basic, uniq_jessica
D:3:      layout_loops_ring, kennysheep_nub, minmay_misc_feat_diagonals,
          uniq_terence
D:4:      layout_basic, serial_bayou_lake_a
D:5:      layout_basic, cheibrodos_sewer_entry_bend
D:6:      layout_loops_ring, chequers_serial_rivers_micro_b, grunt_ministairs_4,
          hangedman_decor_riveting
D:7:      layout_basic, temple_hall, uniq_pikel
D:8:      minmay_razor_zed, layout_basic, nicolae_sif_muna_condensation,
          mainiacjoe_overflow_alcove_2

Skill      XL: |  1  2  3  4  5  6  7  8  9 |
---------------+----------------------------+-----
Long Blades    | 3 4 5 6 7 9 11 12 | 12.6
Conjurations   | 5 |  5.6
Fighting       | |  1.7
Dodging        | |  1.7
Spellcasting   | |  1.8

Action                   |  1- 3 |  4- 6 |  7- 9 || total
-------------------------+-------+-------+-------++-------
Melee: Falchion          |    84 |       |    51 ||   135
       Great sword       |     1 |   115 |   250 ||   366
       Dagger            |    71 |   199 |   147 ||   417
       Punch             |     2 |     2 |     1 ||     5
Throw: Dart              |       |     1 |     4 ||     5
 Cast: Kiss of Death     |     3 |     5 |     9 ||    17
       Momentum Strike   |       |       |    12 ||    12
       Hailstorm         |       |       |     7 ||     7
Evoke: Wand              |       |       |     7 ||     7
  Use: Scroll            |       |       |     3 ||     3
       Potion            |       |       |     2 ||     2
 Stab: Sleeping          |       |       |     2 ||     2
       Distracted        |       |       |     1 ||     1
Armor: Leather armour    |    67 |   106 |   170 ||   343
Dodge: Dodged            |   104 |   182 |   259 ||   545

Table legend: (Time is in decaauts)
 A = Elapsed time spent in this place.
 B = Non-inter-level travel time spent in this place.
 C = Inter-level travel time spent in this place.
 D = Time resting spent in this place.
 E = Time spent auto-exploring this place.
 F = Levels seen in this place.
 G = Mean time per level.
                   A        B        C        D        E       F      G
               +--------+--------+--------+--------+--------+-----+--------+
         Total |   8142 |   7744 |    398 |    303 |   4896 |   9 |  904.7 |
       Dungeon |   7723 |   7325 |    398 |    303 |   4710 |   8 |  965.4 |
         Sewer |    419 |    419 |      0 |      0 |    186 |   1 |  419.0 |
               +--------+--------+--------+--------+--------+-----+--------+

Top non-repeatable levels by time:
     D:8: 1174 daAuts
     D:7: 1157 daAuts
     D:5: 1086 daAuts
     D:3: 986 daAuts
     D:6: 982 daAuts
     D:4: 930 daAuts
     D:1: 788 daAuts
     D:2: 618 daAuts
   Sewer: 419 daAuts
